 Dungeon Crawl Stone Soup version 0.29-a0-43-g62a80824bf (webtiles) character file.

Game seed: 5484363116610345710

13582 crazypyro the Cleaver (level 11, -3/86 HPs)
             Began as a Demonspawn Fighter on Feb 2, 2022.
             Was an Initiate of Gozag.
             Slain by a cane toad (10 damage)
             ... while petrified by a basilisk
             ... on level 1 of the Lair of Beasts.
             The game lasted 00:16:40 (13610 turns).

crazypyro the Cleaver (Demonspawn Fighter)         Turns: 13610, Time: 00:16:42

Health: -3/86      AC: 12    Str: 21    XL:     11   Next: 77%
Magic:  11/11      EV:  2    Int: 15    God:    Gozag
Gold:   286        SH:  0    Dex: 19    Spells: 10/10 levels left

rFire   + + +      SeeInvis .   s - +3 war axe (flame)
rCold   . . .      Faith    .   c - +0 buckler
rNeg    + + +      Spirit   .   y - +1 ring mail of Least Resistance {-Cast *Corrode rF+++ rN+++}
rPois   ∞          Reflect  +   (helmet restricted)
rElec   .          Harm     .   B - +1 cloak {Stlth+}
rCorr   .          Rampage  .   (no gloves)
Will    .....      NoCast   +   g - +1 pair of boots
Stlth   ++........              C - amulet of reflection
HPRegen 0.24/turn               m - ring "Raur" {rF+ Dex+6}
MPRegen 0.12/turn               K - +4 ring of slaying

@: petrified, studying Polearms
A: horns 1, demonic guardian 1, ignite blood 1, big brain 3
a: Renounce Religion, Potion Petition, Call Merchant, Bribe Branch


You were on level 1 of the Lair of Beasts.
You worshipped Gozag.
Gozag was aware of your devotion.
You visited 2 branches of the dungeon, and saw 11 of its levels.

You collected 2885 gold pieces.
You spent 2599 gold pieces at shops.

Inventory:

Hand Weapons
 a - a +1 spectral war axe
 s - a +3 war axe of flaming (weapon)
Missiles
 F - 2 throwing nets (quivered)
Armour
 c - a +0 buckler (worn)
 g - a +1 pair of boots (worn)
 n - the +1 pair of gloves of the Little Devil {rF- MP+9 Int+7}
   (You bought it in a shop on level 4 of the Dungeon)

   Int:       It affects your intelligence (+7).
   rF:        It makes you vulnerable to fire.
   MP:        It affects your magic capacity (+9).
 o - a +3 chain mail of cold resistance
 y - the +1 ring mail of Least Resistance (worn) {-Cast *Corrode rF+++ rN+++}
   (You found it on level 7 of the Dungeon)

   rF:        It renders you almost immune to fire.
   rN:        It renders you almost immune to negative energy.
   -Cast:     It prevents spellcasting.
   *Corrode:  It may corrode you when you take damage.
 z - the +10 ring mail of Resourcefulness {Harm Str+4 Slay+2 SInv}
   (You found it on level 7 of the Dungeon)

   Str:       It affects your strength (+4).
   Slay:      It affects your accuracy & damage with ranged weapons and melee
   (+2).
   SInv:      It lets you see invisible.
   Harm:      It increases damage dealt and taken.
 B - a +1 cloak of stealth (worn)
Jewellery
 m - the ring "Raur" (left hand) {rF+ Dex+6}
   (You bought it in a shop on level 6 of the Dungeon)

   [ring of dexterity]

   Dex:       It affects your dexterity (+6).
   rF:        It protects you from fire.
 C - an amulet of reflection (around neck)
 K - a +4 ring of slaying (right hand)
Wands
 p - a wand of acid (13)
 x - a wand of iceblast (21)
 A - a wand of polymorph (14)
 G - a wand of flame (17)
 I - a wand of digging (3)
Scrolls
 b - 8 scrolls of identify
 d - 2 scrolls of blinking
 h - 3 scrolls of teleportation
 q - a scroll of enchant armour {unknown}
 r - a scroll of fog {unknown}
 t - 2 scrolls of fear {unknown}
 u - 2 scrolls of immolation {unknown}
 w - a scroll of magic mapping {unknown}
 D - 2 scrolls of vulnerability {unknown}
 E - a scroll of silence {unknown}
 J - a scroll of torment {unknown}
Potions
 e - 6 potions of curing
 f - 2 potions of flight
 i - 2 potions of heal wounds {unknown}
 j - a potion of cancellation {unknown}
 k - 2 potions of haste
 l - a potion of attraction {unknown}
 v - a potion of magic {unknown}
 H - a potion of invisibility {unknown}


   Skills:
 + Level 7.8 Fighting
 * Level 11.6 Axes
 + Level 7.1 Armour
 - Level 7.0 Dodging
 + Level 7.1 Shields


You had 10 spell levels left.
You didn't know any spells.
Your spell library contained the following spells:

 Spells                   Type           Power      Damage    Failure   Level
 Magic Dart               Conj           0%         1d3       21%         1
 Slow                     Hex            0%         N/A       21%         1
 Blink                    Tloc           0%         N/A       30%         2
 Call Imp                 Summ           0%         N/A       30%         2
 Corpse Rot               Necr/Air       0%         N/A       30%         2
 Call Canine Familiar     Summ           0%         N/A       50%         3
 Confusing Touch          Hex            0%         N/A       50%         3
 Lesser Beckoning         Tloc           0%         N/A       50%         3
 Mephitic Cloud           Conj/Pois/Air  0%         N/A       50%         3
 Portal Projectile        Hex/Tloc       0%         N/A       50%         3
 Vampiric Draining        Necr           0%         2d6       50%         3
 Dispel Undead            Necr           0%         3d6       87%         4
 Leda's Liquefaction      Hex/Erth       0%         N/A       87%         4
 Manifold Assault         Tloc           0%         N/A       99%         5
 Death Channel            Necr           0%         N/A       100%        6


Dungeon Overview and Level Annotations

Branches:
Dungeon (10/15)            Temple (0/1) D:6            Lair (1/6) D:10
    Orc (0/2) D:9

Altars:
Gozag
Zin
Jiyva

Shops:
D:4 [   D:6 =

Annotations:
D:8 3 runed translucent doors, Maxmaps's ghost, novice DsMo


Innate Abilities, Weirdness & Mutations

You have a pair of small horns on your head.
A weak demonic guardian rushes to your aid.
Your demonic aura sometimes causes spilled blood to erupt in flames.
You have an absolutely massive brain. (Int +6, Wiz)


Message History

You kill the cane toad!
You completely miss the cane toad.
You feel very sick. The cane toad barely misses you.
You barely miss the cane toad.
You feel very sick.
The cane toad stings you but does no damage.
You hit the cane toad. You burn the cane toad.
The cane toad is moderately wounded.
You feel sick. You block the cane toad's attack.
You hit the cane toad. You burn the cane toad.
The cane toad is heavily wounded.
You feel sick. You block the cane toad's attack. The cane toad misses you.
You closely miss the cane toad.
The cane toad is heavily wounded.
You feel sick. You block the cane toad's attack.
You barely miss the cane toad.
The cane toad is heavily wounded.
You feel sick. The cane toad stings you!
* * * LOW HITPOINT WARNING * * *
You are more poisoned.
The cane toad poisons you! The basilisk gazes at you.
You are slowing down.
You feel better. You block the cane toad's attack. The cane toad stings you!!
* * * LOW HITPOINT WARNING * * *
A demonic guardian appears!
Your limbs are stiffening.
You hit the cane toad but do no damage. Your headbutt misses the cane toad.
The cane toad is heavily wounded.
The cane toad closely misses you.
Your hellwing barely misses the cane toad. x2
You block the basilisk's attack.
You have turned to stone.
The cane toad stings you!
* * * LOW HITPOINT WARNING * * *
Your hellwing hits the cane toad but does no damage.
Your hellwing hits the cane toad! The basilisk bites you.
* * * LOW HITPOINT WARNING * * *
The cane toad stings you!!
You die...
Your body crumbles into a pile of gold.

###..########
............
........... .........#
##.. #.+P......# .#.#
...#......# .....
$.....l4..##.....
#..F@.........
#......#......
#............. ..
#......#######
#.##......#########
................... ..
..................
......................
..#.####...P##.##.####


You could see a cane toad (ally target), a basilisk and a friendly hellwing
(summoned).

Vanquished Creatures
  2 boulder beetles
  A hydra (D:9)
  A death knight (D:9)
  A centaur warrior (D:9)
  2 two-headed ogres
  Pikel (D:5)
  A centaur zombie (D:10)
  2 cane toads (Lair:1)
  A komodo dragon (D:10)
  2 trolls (D:9)
  3 wyverns
  3 basilisks
  10 yaks (D:10)
  Eustachio (D:6)
  A steam dragon (D:9)
  Edmund (D:5)
  Menkaure (D:5)
  A water moccasin (D:6)
  Duvessa (D:7)
  2 sky beasts
  6 orc warriors
  A necrophage (D:8)
  2 ice beasts
  4 ogres
  5 centaurs
  2 phantoms
  A kobold brigand (D:9)
  5 bullfrogs
  2 gnoll sergeants
  3 scorpions
  Dowan (D:7)
  10 killer bees (D:8)
  5 wights (D:9)
  6 howler monkeys
  4 hounds
  A centaur skeleton (D:5)
  Crazy Yiuf (D:7)
  4 orc priests
  Jessica (D:3)
  Terence (D:3)
  10 orc wizards
  18 gnolls
  An adder (D:4)
  A worm (D:2)
  4 dart slugs
  31 orcs
  8 ball pythons
  4 bats
  5 endoplasms (D:1)
  3 giant cockroaches
  4 goblins
  5 hobgoblins
  6 jackals
  4 quokkas
  2 frilled lizards
  14 kobolds
  9 rats
232 creatures vanquished.

Vanquished Creatures (collateral kills)
  An ogre (D:6)
  A howler monkey (D:8)
  A gnoll (D:10)
3 creatures vanquished.

Vanquished Creatures (others)
  A fungus (Lair:1)
  44 plants
45 creatures vanquished.

Grand Total: 280 creatures vanquished

Notes
Turn   | Place    | Note
-------+----------+-------------------------------------------
     0 | D:1      | crazypyro the Demonspawn Fighter began the quest for the
                  | Orb.
     0 | D:1      | Reached XP level 1. HP: 18/18 MP: 1/1
   338 | D:1      | Reached skill level 2 in Axes
   338 | D:1      | Gained mutation: You have an unusually large brain. (Int
                  | +2) [demonic ancestry]
   338 | D:1      | Reached XP level 2. HP: 24/24 MP: 2/2
   603 | D:1      | Found a faded altar of an unknown god.
   608 | D:1      | Prayed at the altar of an unknown god.
   608 | D:1      | Became a worshipper of Gozag Ym Sagoz the Greedy
  1208 | D:1      | Gained mutation: A weak demonic guardian rushes to your
                  | aid. [demonic ancestry]
  1208 | D:1      | Reached XP level 3. HP: 29/29 MP: 3/3
  1709 | D:3      | Reached skill level 1 in Dodging
  1709 | D:3      | Gained mutation: You have an extremely huge brain. (Int +4)
                  | [demonic ancestry]
  1709 | D:3      | Reached XP level 4. HP: 28/35 MP: 4/4
  2253 | D:3      | Noticed Terence
  2256 | D:3      | Killed Terence
  2257 | D:3      | Gained mutation: You have a pair of small horns on your
                  | head. [demonic ancestry]
  2257 | D:3      | Reached XP level 5. HP: 41/41 MP: 5/5
  2487 | D:3      | Noticed Jessica
  2495 | D:3      | Killed Jessica
  2563 | D:4      | Reached skill level 3 in Axes
  2588 | D:4      | Reached XP level 6. HP: 37/47 MP: 6/6
  2772 | D:4      | Reached skill level 4 in Axes
  2993 | D:4      | Found Bifess's Antique Armour Shoppe.
  3003 | D:4      | Bought a pair of spiked gloves for 275 gold pieces
  3003 | D:4      | Identified the +1 pair of gloves of the Little Devil {rF-
                  | MP+9 Int+7} (You bought it in a shop on level 4 of the
                  | Dungeon)
  3003 | D:4      | Bought a runed chain mail for 217 gold pieces
  3107 | D:5      | Entered Level 5 of the Dungeon
  3141 | D:5      | Reached XP level 7. HP: 38/52 MP: 7/7
  3253 | D:5      | Noticed Menkaure
  3379 | D:5      | Killed Menkaure
  3380 | D:5      | Reached skill level 5 in Axes
  3636 | D:5      | Reached skill level 5 in Dodging
  3740 | D:5      | Noticed Edmund
  3747 | D:5      | Killed Edmund
  3891 | D:5      | Gained mutation: Your demonic aura sometimes causes spilled
                  | blood to erupt in flames. [demonic ancestry]
  3891 | D:5      | Reached XP level 8. HP: 59/59 MP: 8/8
  3918 | D:5      | Noticed Pikel
  3928 | D:5      | Killed Pikel
  3929 | D:5      | Reached skill level 6 in Axes
  4512 | D:6      | Reached skill level 7 in Axes
  4931 | D:6      | Noticed Eustachio
  4937 | D:6      | Killed Eustachio
  4938 | D:6      | Reached XP level 9. HP: 64/65 MP: 9/9
  5140 | D:6      | Found a staircase to the Ecumenical Temple.
  5298 | D:6      | Identified a scroll of acquirement
  5298 | D:6      | Acquired 599 gold pieces
  5375 | D:6      | Found Lupnuxty's Jewellery Emporium.
  5724 | D:6      | Bought the ring "Raur" {rF+ Dex+6} for 1015 gold pieces
  5992 | D:7      | Identified the +10 ring mail of Resourcefulness {Harm Str+4
                  | Slay+2 SInv}
  6012 | D:7      | Identified the +1 ring mail of Least Resistance {-Cast
                  | *Corrode rF+++ rN+++}
  6033 | D:7      | Reached skill level 8 in Axes
  6088 | D:7      | Noticed Dowan
  6089 | D:7      | Noticed Duvessa
  6097 | D:7      | Killed Duvessa
  6105 | D:7      | Killed Dowan
  6496 | D:7      | Found a runed translucent door.
  6497 | D:7      | Noticed Crazy Yiuf
  6505 | D:7      | Killed Crazy Yiuf
  7032 | D:8      | Reached skill level 5 in Fighting
  7353 | D:8      | Noticed a two-headed ogre
  7361 | D:8      | Killed a two-headed ogre
  7362 | D:8      | Reached skill level 9 in Axes
  7362 | D:8      | Reached XP level 10. HP: 62/74 MP: 10/10
  7481 | D:8      | Reached skill level 5 in Armour
  7481 | D:8      | Reached skill level 5 in Shields
  8109 | D:8      | Found a runed translucent gate.
  8109 | D:8      | Found a runed translucent gate.
  8109 | D:8      | Found a runed translucent gate.
  8112 | D:8      | Noticed Maxmaps's ghost (novice DsMo)
  8430 | D:8      | Found a viscous altar of Jiyva.
  9280 | D:9      | Found a staircase to the Orcish Mines.
  9513 | D:9      | Noticed a death knight
  9525 | D:9      | Killed a death knight
  9526 | D:9      | Reached skill level 10 in Axes
  9541 | D:9      | Noticed a boulder beetle
  9695 | D:9      | Noticed a six-headed hydra
 10041 | D:9      | Killed a boulder beetle
 10042 | D:9      | Gained mutation: You have an absolutely massive brain. (Int
                  | +6, Wiz) [demonic ancestry]
 10042 | D:9      | Reached XP level 11. HP: 19/83 MP: 11/11
 10279 | D:9      | Noticed a centaur warrior
 10728 | D:9      | Killed a centaur warrior
 11032 | D:9      | Killed a three-headed hydra
 11315 | D:10     | Entered Level 10 of the Dungeon
 11738 | D:10     | Noticed a boulder beetle
 11771 | D:10     | Killed a boulder beetle
 11956 | D:10     | Reached skill level 11 in Axes
 12128 | D:10     | Noticed a two-headed ogre
 12134 | D:10     | Killed a two-headed ogre
 12649 | D:10     | Found a staircase to the Lair.
 13049 | Lair:1   | Entered Level 1 of the Lair of Beasts
 13355 | D:6      | Bought a +4 ring of slaying for 1092 gold pieces
 13610 | Lair:1   | Slain by a cane toad

Illustrated notes

Levels and vault maps discovered:
D:1:      minmay_arrival_glassed_features, layout_basic,
          ebering_ecumenical_altar_abandoned, minmay_box_of_dots
D:2:      layout_basic
D:3:      layout_loops_ring, minmay_crystal_water, uniq_terence, uniq_jessica
D:4:      layout_rooms, serial_shops, nicolae_lakefront_shop
D:5:      nicolae_cairo_tiling_very_big, layout_loops_cross, uniq_edmund,
          uniq_pikel, uniq_menkaure
D:6:      layout_rooms, minmay_temple_entry_grid,
          minmay_shop_enchanted_jewellery, lemuel_flamethrower_2, uniq_eustachio
D:7:      layout_loops_ring, uniq_duvessa, uniq_crazy_yiuf_cottage
D:8:      layout_basic, gammafunk_ghost_ooze, serial_corexii_hall,
          corexii_hall_statues_x, chequers_hall_statues_y,
          chequers_hall_statues_corner_a, minivault_22
D:9:      layout_loops_ring, david_orc_2, minmay_shattered_shrine
D:10:     layout_loops_corners, mainiacjoe_overflow_alcove_2,
          david_lair_shrubbed
Lair:1:   layout_regular_city, nicolae_lair_grazing_beasts
          [nicolae_sub_lair_graze_edge, nicolae_sub_lair_graze_edge,
          nicolae_sub_lair_graze_edge, nicolae_sub_lair_graze_edge]

Skill      XL: |  1  2  3  4  5  6  7  8  9 10 11 |
---------------+----------------------------------+-----
Axes           | 2 3 4 5 7 9 10 11 | 11.6
Armour         | 3 4 6 7 |  7.1
Shields        | 3 4 6 7 |  7.1
Dodging        | 1 2 4 5 7 |  7.0
Fighting       | 5 6 7 |  7.8

Action                   |  1- 3 |  4- 6 |  7- 9 | 10-12 || total
-------------------------+-------+-------+-------+-------++-------
Melee: War axe           |   104 |    76 |   168 |   323 ||   671
       Headbutt          |       |     8 |    21 |    67 ||    96
  Use: Scroll            |     5 |       |     2 |     1 ||     8
       Potion            |       |       |     2 |     3 ||     5
 Stab: Distracted        |       |     1 |     2 |     3 ||     6
Armor: Scale mail        |    59 |    35 |       |       ||    94
       Chain mail        |       |     4 |    53 |       ||    57
       Ring mail         |       |       |    10 |    72 ||    82
Dodge: Dodged            |    50 |    27 |    80 |   141 ||   298
Block: Buckler           |    25 |    11 |    54 |   155 ||   245
       Reflection        |       |       |       |     8 ||     8

Table legend: (Time is in decaauts)
 A = Elapsed time spent in this place.
 B = Non-inter-level travel time spent in this place.
 C = Inter-level travel time spent in this place.
 D = Time resting spent in this place.
 E = Time spent auto-exploring this place.
 F = Levels seen in this place.
 G = Mean time per level.
                   A        B        C        D        E       F      G
               +--------+--------+--------+--------+--------+-----+--------+
         Total |  13738 |  12963 |    775 |      0 |  11163 |  11 | 1248.9 |
       Dungeon |  13387 |  12643 |    744 |      0 |  10903 |  10 | 1338.7 |
          Lair |    351 |    320 |     31 |      0 |    260 |   1 |  351.0 |
               +--------+--------+--------+--------+--------+-----+--------+

Top non-repeatable levels by time:
     D:9: 2596 daAuts
     D:8: 1945 daAuts
    D:10: 1782 daAuts
     D:7: 1415 daAuts
     D:5: 1300 daAuts
     D:1: 1288 daAuts
     D:6: 1167 daAuts
     D:3: 885 daAuts
     D:4: 557 daAuts
     D:2: 447 daAuts
  Lair:1: 351 daAuts
